 Dungeon Crawl Stone Soup version 0.16-a0-922-gae79c9c (webtiles) character file.

836827 RobertPalmer the End of an Era (level 27, -4/260 (263) HPs)
             Began as an Octopode Gladiator on Sept 29, 2014.
             Was the Champion of Qazlal.
             Killed by divine providence
             ... invoked by a greater mummy
              (9 damage)
             ... on Level 21 of a ziggurat on Sept 30, 2014.
             The game lasted 07:38:11 (93226 turns).

RobertPalmer the End of an Era (OpGl)              Turns: 93226, Time: 07:38:11

HP  -4/260 (263) AC 36     Str 20      XL: 27
MP   9/47        EV 29     Int 16 (23) God: Qazlal [******]
Gold 2646        SH 17     Dex 17      Spells: 12 memorised,  5 levels left

rFire  + + .     SeeInvis +     a - +9 eveningstar (flame) (curse)
rCold  + + .     Clarity  .     w - +3 buckler {rN+} (curse)
rNeg   + + .     rCorr    .     c - +2 hat {MR+} (curse)
rPois  +         rRot     +     T - cursed amulet of faith {!P}
rElec  +         Spirit   .     V - cursed ring of sustain abilities
SustAb +         Warding  .     y - cursed ring of Robustness {AC+8}
rMut   .         Stasis   .     v - cursed +5 ring of intelligence
Gourm  .                        N - cursed +6 ring of evasion
MR     +++..                    L - cursed ring "Edup" {rC+ Int+4}
                                E - cursed ring of Bodily Harmony {rF++ rC+ Str+1 Stlth-}
                                S - cursed ring of see invisible
                                P - cursed ring of regeneration

@: statue-form, silence, protected from physical damage, very slightly
contaminated, studying Maces & Flails, repel missiles, very slow, extremely
resistant to hostile enchantments, extremely unstealthy
A: almost no armour, amphibious, 8 rings, constrict 8, camouflage 1, (gelatinous
body 0)
a: End Transformation
}: 5/15 runes: decaying, slimy, silver, abyssal, gossamer


You were on level 21 of a ziggurat.
You worshipped Qazlal.
Qazlal was exalted by your worship.
You were not hungry.
You were a stone statue.
You visited 10 branches of the dungeon, and saw 61 of its levels.
You visited the Abyss 2 times.
You visited 1 ziggurat, and saw 21 of its levels.
You also visited: Labyrinth, Ossuary and Wizlab.

You collected 9262 gold pieces.
You spent 6616 gold pieces at shops.


Innate Abilities, Weirdness & Mutations

You cannot wear most types of armour.
You are amphibious.
You can wear up to eight rings at the same time.
You can use your tentacles to constrict many enemies at once.
Your skin changes colour to match your surroundings (Stealth).
((Your rubbery body absorbs attacks (AC +1).))


   Skills:
 - Level 20.4 Fighting
   Level 16.0(18.0) Axes
 - Level 14.2(17.1) Maces & Flails
 - Level 2.1 Throwing
 - Level 14.6 Dodging
 - Level 5.0 Shields
 + Level 21.7 Spellcasting
 - Level 18.4 Conjurations
 - Level 12.1 Charms
 - Level 12.0 Summonings
 - Level 16.4 Translocations
 - Level 8.2 Transmutations
   Level 2.9 Ice Magic
 - Level 15.7 Earth Magic
 O Level 27 Invocations
 - Level 4.7 Evocations


You had 5 spell levels left.
You knew the following spells:

 Your Spells              Type           Power        Failure   Level  Hunger
a - Phase Shift           Tloc           ######....   1%          5    #......
b - Blink                 Tloc           N/A          0%          2    None
c - Orb of Destruction    Conj           ######....   1%          7    ######.
h - Haste                 Chrm           ######..     2%          6    #####..
s - Statue Form           Trmt/Erth      ######...    3%          6    #####..
t - Stoneskin             Trmt/Erth      ######..     1%          2    None
u - Malign Gateway        Summ/Tloc      ######....   10%         7    ######.
v - Lehudib's Crystal Sp  Conj/Erth      ######....   17%         8    #######
w - Aura of Abjuration    Summ           ######....   3%          6    #####..
y - Spellforged Servitor  Conj/Summ      ######....   6%          7    ######.
B - Controlled Blink      Tloc           N/A          3%          7    ######.
R - Summon Butterflies    Summ           ######..     1%          1    None

Inventory:

Hand weapons
 a - a cursed +9 eveningstar of flaming (weapon)
Missiles
 G - 5 throwing nets (quivered)
Armour
 c - a cursed +2 hat of magic resistance (worn)
 w - a cursed +3 buckler of positive energy (worn)
 B - a cursed +3 buckler of protection
Magical devices
 e - a wand of teleportation (1) {!d}
 o - a wand of digging (10)
 x - a wand of invisibility (1)
 C - a wand of heal wounds (0) {!d}
Comestibles
 f - 12 bread rations
 j - 22 meat rations
 Z - 13 fruits
Scrolls
 b - 6 scrolls of magic mapping
 g - 6 scrolls of recharging
 k - 36 scrolls of remove curse
 p - a scroll of enchant armour
 q - 16 scrolls of amnesia
 z - a scroll of summoning
 D - 2 scrolls of holy word
 F - 7 scrolls of fear
 H - 2 scrolls of silence
 M - 2 scrolls of fog
 W - 3 scrolls of identify
 X - 16 scrolls of blinking
 Y - 22 scrolls of teleportation
Jewellery
 i - a cursed ring of wizardry
 t - a cursed amulet of resist mutation
 v - a cursed +5 ring of intelligence (on tentacle)
 y - the cursed ring of Robustness (right tentacle) {AC+8}
   (You found it on level 3 of the Depths)

   [ring of protection]

   It affects your AC (+8).
   It has a curse placed upon it.
 E - the cursed ring of Bodily Harmony (on tentacle) {rF++ rC+ Str+1 Stlth-}
   (You found it on level 15 of the Dungeon)

   [ring of loudness]

   It affects your strength (+1).
   It greatly protects you from fire.
   It protects you from cold.
   It makes you less stealthy.
   It has a curse placed upon it.
 L - the cursed ring "Edup" (on tentacle) {rC+ Int+4}
   (You took it off a deep elf annihilator on level 3 of the Elven Halls)

   [ring of protection from cold]

   It affects your intelligence (+4).
   It protects you from cold.
   It has a curse placed upon it.
 N - a cursed +6 ring of evasion (on tentacle)
 O - a cursed amulet of resist corrosion
 P - a cursed ring of regeneration (on tentacle)
 R - a cursed ring of teleportation
 S - a cursed ring of see invisible (on tentacle)
 T - a cursed amulet of faith (around mantle) {!P}
 V - a cursed ring of sustain abilities (left tentacle)
Potions
 h - 3 potions of cancellation
 m - 5 potions of restore abilities
 n - 4 potions of berserk rage
 r - 5 potions of might
 s - 2 potions of resistance
 A - 5 potions of brilliance
 J - 6 potions of haste
 K - 4 potions of porridge
 U - a potion of agility
Books
 d - a manual of Maces & Flails {!d}
 Q - a book of Annihilations
Miscellaneous
 I - a fan of gales

Dungeon Overview and Level Annotations

Branches:
Dungeon (15/15)            Temple (0/1) D:4             Orc (4/4) D:11
    Elf (3/3) Orc:3          Lair (8/8) D:10          Swamp (5/5) Lair:3
 Spider (5/5) Lair:4        Slime (6/6) Lair:8       Vaults (5/5) D:13
  Crypt (0/3) Vaults:3     Depths (5/5) D:15            Zot (5/5) Depths:5

Altars:
Elyvilon
Fedhas
Gozag
Kikubaaqudgha
Makhleb
Qazlal
Sif Muna
Trog
Vehumet
Xom
Yredelemnul
Beogh
Jiyva
Lugonu

Shops:
D:13 !   Orc:3 :   Orc:4 ***[   Vaults:2 (:=?   Vaults:3 (   Vaults:4 *
Depths:2 *

Portals:
Abyss: Depths:4
Pandemonium: Depths:3

Annotations:
D:9 exclusions: ice statue and orange crystal statue
Orc:3 Nessos
Swamp:5 Lernaean hydra
Spider:2 exclusion: Roxanne, Roxanne
Spider:4 exclusion: 2 ice statues

▓▓▓ ▓▓▓▓ ▓▓.............▓
▓▓...............▓
▓▓.................▓
▓▓...................▓
▓▓≈≈≈...##...s.##.....|
▓▓4..≈...##.s.§§##.....=
▓VMW≈....§.4VsZ§W.§....?:
.ZMW.....MssZZMV8......}[
W4Z≈≈...MZMMMM44s§.....|)
..Z≈.....ZWss.W4.......}
▓..≈....s4.MW4Z4.......[
▓▓≈.....M##Z.W..##....."
▓▓......##§s...##.....
▓▓≈.................
▓▓................
▓.............


You could see 4 greater mummies, 9 emperor scorpions, a jiangshi, a flayed
ghost, 2 orange demons, 2 phantasmal warriors, a hellwing, an iron devil, a
sixfirhy, a blue devil, 2 hungry ghosts, a vampire (invisible), a red devil, 4
mummies, an iron dragon simulacrum, a shadow dragon zombie, an iron dragon
zombie, a sphinx zombie, a shadow dragon skeleton, a quicksilver dragon skeleton
and a titan skeleton.


Message History

The hungry ghost is engulfed in freezing vapours.
The greater mummy barely misses you.
The greater mummy calls on the powers of darkness!
The emperor scorpion convulses! x6
Your body is wracked with pain!
* * * LOW HITPOINT WARNING * * *
The emperor scorpion convulses! x3
The phantasmal warrior blinks!
The iron dragon zombie bites you.
* * * LOW HITPOINT WARNING * * *
You feel more protected from physical attacks.
The iron dragon zombie completely misses you.
The iron dragon zombie closely misses you.
The emperor scorpion misses you.
The emperor scorpion claws you but does no damage.
The emperor scorpion completely misses you.
Found three items.
Unknown command.
Unknown command.
Unknown command.
Unknown command.
Unknown command.
Unknown command.
The greater mummy gestures at you while chanting.
Something smites you!
* * * LOW HITPOINT WARNING * * *
You block the iron devil's attack. x2
The phantasmal warrior is engulfed in roaring flames.
The greater mummy gestures at you while chanting.
Something smites you!
You die...

Action                   |  1- 3 |  4- 6 |  7- 9 | 10-12 | 13-15 | 16-18 | 19-21 | 22-24 | 25-27 || total
-------------------------+-------+-------+-------+-------+-------+-------+-------+-------+-------++-------
Melee: War axe           |    65 |   115 |   401 |   972 |       |       |       |       |       ||  1553
       Battleaxe         |       |       |       |    56 |   124 |       |       |       |       ||   180
       Eveningstar       |       |       |       |       |  1149 |  1358 |  1212 |  1526 |  3392 ||  8637
 Fire: Blowgun           |       |       |       |     5 |    15 |       |       |       |       ||    20
Throw: Throwing net      |     1 |     6 |     5 |     3 |    10 |     6 |     2 |       |       ||    33
 Cast: Ozocubu's Armour  |       |       |       |       |    35 |    28 |     4 |       |       ||    67
       Freeze            |       |       |       |       |    13 |       |       |       |       ||    13
       Statue Form       |       |       |       |       |       |    44 |    66 |    72 |   150 ||   332
       Blink             |       |       |       |       |       |     9 |     7 |       |     6 ||    22
       Summon Butterflie |       |       |       |       |       |     1 |     3 |       |     3 ||     7
       Haste             |       |       |       |       |       |     3 |    20 |    19 |    29 ||    71
       Iron Shot         |       |       |       |       |       |     3 |     6 |     3 |     5 ||    17
       Phase Shift       |       |       |       |       |       |       |       |     5 |   119 ||   124
       Orb of Destructio |       |       |       |       |       |       |       |     1 |     4 ||     5
       Spellforged Servi |       |       |       |       |       |       |       |       |   114 ||   114
       Stoneskin         |       |       |       |       |       |       |       |       |   107 ||   107
       Malign Gateway    |       |       |       |       |       |       |       |       |    16 ||    16
       Aura of Abjuratio |       |       |       |       |       |       |       |       |     8 ||     8
       Controlled Blink  |       |       |       |       |       |       |       |       |     6 ||     6
       Summon Hydra      |       |       |       |       |       |       |       |       |     2 ||     2
Invok: Upheaval          |       |       |     6 |    39 |    21 |    55 |    33 |    21 |    33 ||   208
       Elemental Force   |       |       |       |       |     5 |     9 |     3 |       |     4 ||    21
       Disaster Area     |       |       |       |       |       |       |       |       |    12 ||    12
 Abil: Breathe Fire      |       |       |       |       |       |     1 |       |       |       ||     1
       Evoke Teleportati |       |       |       |       |       |     1 |       |       |       ||     1
       End Transformatio |       |       |       |       |       |       |     1 |     1 |       ||     2
Evoke: Wand              |       |     1 |       |    20 |    19 |    25 |    22 |     2 |    45 ||   134
       Sack of spiders   |       |       |       |     4 |     4 |       |       |       |     2 ||    10
       Fan of gales      |       |       |       |     1 |     1 |       |       |       |       ||     2
  Use: Potion            |     2 |     1 |     5 |     6 |     8 |    13 |    14 |     2 |    29 ||    80
       Scroll            |       |     7 |     8 |    20 |    28 |    22 |     7 |     8 |    53 ||   153
 Stab: Sleeping          |     1 |     1 |       |       |       |       |       |       |       ||     2
       Held in net/web   |       |     1 |     2 |       |     4 |     3 |       |       |       ||    10
       Distracted        |       |       |       |     3 |     2 |     1 |       |       |    22 ||    28
       Confused          |       |       |       |     1 |       |       |       |       |       ||     1
       Paralysed         |       |       |       |       |     9 |       |       |       |     3 ||    12
       Invisible         |       |       |       |       |     2 |     8 |    13 |       |     4 ||    27
  Eat: Chunk             |     1 |     7 |    12 |    33 |    44 |    59 |    49 |    57 |    74 ||   336
       Royal jelly       |       |       |     1 |       |     5 |     1 |       |     1 |     3 ||    11
       Pizza             |       |       |     1 |       |     1 |     1 |     2 |     1 |     4 ||    10
       Beef jerky        |       |       |     1 |       |       |     5 |     2 |     1 |     1 ||    10
       Fruit             |       |       |     3 |       |     2 |     5 |       |     5 |     4 ||    19
       Bread ration      |       |       |       |       |       |       |     7 |     5 |    25 ||    37

Vault maps used:
D:1:      dpeg_arrival_water_temple_mockup
D:2:      overflow_temple_1_default, nicolae_qazlal_style_of_elements,
          uniq_sigmund, uniq_terence
D:3:      kennysheep_goblin_castle
D:4:      lemuel_castle_with_subvaults, fedhas_altar_4,
          minmay_temple_entry_fiery, nicolae_ossuary_entry_ruins, first_bread,
          hangedman_abyss_or_decor_lesser_grid, lemuel_flame_loot_1,
          uniq_prince_ribbit1
D:5:      old_standard_altar
D:6:      lemuel_round_altar
D:7:      lemuel_crystal_altar, minivault_27, uniq_menkaure
D:8:      vehumet_altar_wand_db
D:9:      minmay_separated_statues
D:10:     dpeg_lair_monsters, hangedman_stone_soup, small_chamber_with_monster,
          uniq_erica
D:11:     erik_orc_2
D:13:     grunt_vaults_entry_fortified, serial_shops, shop_statue, basic_altar,
          jiyva_altar_1
D:14:     old_standard_altar, nicolae_gozag_cash_rules_everything_around_me
D:15:     grunt_enter_depths_magical_seal, serial_aquarium,
          aquarium_bridge_long_joined, aquarium_window_1,
          aquarium_window_corner, aquarium_window_3, aquarium_window_double,
          aquarium_view_2a, aquarium_balcony_3b, aquarium_pool_2, uniq_sonja
Orc:1:    nicolae_orc_lava_tube, mines2_lemuel, uniq_eustachio,
          uniq_blork_the_orc, uniq_snorg
Orc:3:    minmay_goldmine, serial_shops,
          nicolae_shop_temple_entry_statues_fountains, nicolae_orc_pool_cavern,
          sword_in_stone, uniq_donald, uniq_nessos, uniq_urug
Orc:4:    st_orc_ogre_mass, mines4_lemuel
Elf:1:    minmay_elf_necromancy, serial_sigils_hangedman_stare
Elf:3:    grunt_elf_hall_asides, dk_noncrumbling_1, st_stairs_11,
          minmay_misc_feat_cross, billiards_dpeg
Lair:1:   beast_lair_carwin_large_2, basic_altar
Lair:2:   grunt_forest_small_clearings, eino_house_with_fridge
Lair:3:   swamp_mist, columned_hall_lemuel, serial_bayou_shore_a
Lair:4:   spider_nest_entry_rubble, grunt_megastairs_2, uniq_fannar,
          uniq_harold, uniq_rupert
Lair:6:   infiniplex_staircase_pool, grunt_megastairs_5
Lair:7:   lab_entry_generic, minmay_holes, minivault_26
Lair:8:   wormcave, hangedman_lair_tendril_chambers, slime_altar_1,
          serial_bayou_shore_b
Swamp:1:  serial_swamp_ruin, evilmike_swamp_ruin_house_4,
          evilmike_swamp_ruin_rubble_1, swamp_pool1, hangedman_swamp_blocks
Swamp:2:  evilmike_swamp_ruin_house_6, uniq_agnes
Swamp:3:  nicolae_swamp_trees_clearing, uniq_frances, uniq_saint_roka
Swamp:4:  evilmike_swamp_ruin_wall, uniq_wiglaf, uniq_kirke
Swamp:5:  swamp_old_school, swamp_pool3
Spider:1: nicolae_spider_mines_3, hangedman_spider_tarantella_strand
Spider:2: uniq_arachne, uniq_asterion, uniq_roxanne
Spider:4: portal_ice_cave_entry_ice_statue_02, uniq_norris, uniq_nikola
Spider:5: spider_rune_water
Slime:5:  cheibrodos_slime_lost_civilization_1
Vaults:1: v_misc_27, vaults_room_octagon, nicolae_vaults_ninety_degrees,
          grunt_vaults_twisty, nicolae_vaults_little_squares_5,
          nicolae_vaults_little_squares_2, grunt_vaults_diagonal,
          dpeg_vaults_monster_box, vaults_room_grunt_arrival_ludios,
          nicolae_vaults_circle_grid_a, vaults_dpeg_diagonal,
          nicolae_vaults_little_squares_6, uniq_jorgrun
Vaults:2: v_misc_4, hangedman_vaults_maws, ontoclasm_vaults_ring_large,
          nicolae_vaults_little_squares_1, vaults_mumra_hex, basic_altar,
          serial_shops, shop_fountains, shop_fountains, shop,
          nicolae_shop_window_shopping
Vaults:3: hangedman_vaults_cutoff, grunt_vaults_bifocal,
          nicolae_vaults_quartermaster, vaults_room_pool,
          grunt_vaults_hallway_long, stair_cage_open, v_misc_25, v_misc_10,
          minmay_crypt_entry_simple_plaza, grunt_vaults_trifunnel,
          nicolae_vaults_diagonal_hallway_8, nicolae_vaults_circle_grid_b,
          hangedman_vaults_trim, vaults_room_pools, serial_shops, shop
Vaults:4: v_alt_pattern_4, v_alt_pattern_3, nicolae_vaults_sealed_display,
          vaults_room_boxed, v_misc_27, nicolae_vaults_alarming, v_misc_14,
          nicolae_vaults_stairing_the_circle, nicolae_vaults_theta,
          nicolae_vaults_what_the_h, v_misc_24, nicolae_vaults_little_squares_4,
          serial_shops, shop_statue, uniq_mennas, uniq_aizul
Vaults:5: serial_shops
Depths:1: kennysheep_big_empty_room, hell_entry, kennysheep_generic_room_16
Depths:2: impenetrable_vault, enter_ziggurat_a, serial_shops, shop,
          minmay_staircase_windowed_small, hell_entry, minivault_1
Depths:3: minmay_octo_star, glass_columns_a, hell_entry, pan_entry,
          minmay_misc_feat_tiny, uniq_sojobo
Depths:4: grunt_deathspiral_large, old_standard_altar, lightli_too_deep,
          abyss_entry, serial_sigils_hangedman_clutch
Depths:5: evilmike_zot_entry_diamond, minmay_stone_trees_small,
          mu_enter_wizlab_2, hell_entry, minmay_misc_feat_nine_boxes, uniq_boris
Zot:2:    hangedman_zot_decor_scrapings
Zot:3:    grunt_megastairs_4
Zot:4:    nicolae_zot_draconian_monastery
Abyss:2:  evilmike_abyss_exit_2, minivault_20
Abyss:3:  evilmike_abyss_exit_2, due_abyss_rune
Zig:12:   ziggurat_pillar_centre_oklobs
Zig:13:   ziggurat_pillar_centre_dead_trees
Zig:16:   ziggurat_pillar_centre_c
Zig:17:   ziggurat_pillar_centre_k
Lab:      labyrinth_spiral, nicolae_lab_blocks, labyrinth_fake_exit,
          nicolae_lab_statue, nicolae_lab_grate, nicolae_lab_grate_2,
          nicolae_lab_lava, labyrinth_skeletal_remains, nicolae_lab_diamond,
          lab_fountain
Ossuary:  ossuary_minmay_scorpions
WizLab:   wizlab_tukima

Notes
Turn   | Place    | Note
--------------------------------------------------------------
     0 | D:1      | RobertPalmer, the Octopode Gladiator, began the quest for the Orb.
     0 | D:1      | Reached XP level 1. HP: 14/14 MP: 1/1
   151 | D:1      | Reached XP level 2. HP: 19/19 MP: 2/2
   642 | D:1      | Reached skill level 4 in Axes
   642 | D:1      | Reached XP level 3. HP: 24/24 MP: 3/3
   949 | D:2      | Found a deep blue altar of Sif Muna.
   949 | D:2      | Noticed Terence
  1152 | D:2      | Noticed Sigmund
  1158 | D:2      | Reached XP level 4. HP: 14/29 MP: 4/4
  1249 | D:2      | Noticed an earth elemental
  1261 | D:2      | Killed Sigmund
  1261 | D:2      | Reached skill level 5 in Axes
  1261 | D:2      | Reached XP level 5. HP: 12/34 MP: 5/5
  1451 | D:2      | Found a stormy altar of Qazlal.
  1452 | D:2      | Noticed a water elemental
  1452 | D:2      | Noticed a fire elemental
  1452 | D:2      | Noticed an air elemental
  1468 | D:2      | Became a worshipper of Qazlal Stormbringer
  1511 | D:2      | Killed Terence
  1890 | D:2      | Reached skill level 6 in Axes
  2215 | D:3      | Acquired Qazlal's first power
  2267 | D:3      | Reached XP level 6. HP: 36/39 MP: 6/6
  2826 | D:3      | Reached skill level 7 in Axes
  3133 | D:3      | Noticed Ijyb
  3137 | D:3      | Killed Ijyb
  3556 | D:4      | Noticed Prince Ribbit
  3568 | D:4      | Killed Prince Ribbit
  3568 | D:4      | Reached skill level 8 in Axes
  3568 | D:4      | Reached XP level 7. HP: 21/45 MP: 7/7
  3650 | D:4      | Acquired Qazlal's second power
  3656 | D:4      | Found a sand-covered staircase.
  3683 | Ossuary  | Entered an ossuary
  3995 | Ossuary  | Reached skill level 4 in Dodging
  4019 | Ossuary  | Reached XP level 8. HP: 16/50 MP: 8/8
  4242 | Ossuary  | Reached skill level 5 in Dodging
  4477 | Ossuary  | Reached skill level 6 in Dodging
  4715 | D:4      | Noticed inmateoo's ghost (average GrMo)
  5042 | D:4      | Reached skill level 2 in Invocations
  5203 | D:4      | Killed inmateoo's ghost
  5203 | D:4      | Reached skill level 4 in Invocations
  5941 | D:4      | Reached skill level 7 in Dodging
  6123 | D:4      | Found a blossoming altar of Fedhas.
  6220 | D:4      | Acquired Qazlal's third power
  6220 | D:4      | Reached XP level 9. HP: 32/54 MP: 15/15
  6846 | D:4      | Reached skill level 8 in Dodging
  7243 | D:4      | Found a staircase to the Ecumenical Temple.
  7329 | D:5      | Entered Level 5 of the Dungeon
  7418 | D:5      | Found a bloodstained altar of Trog.
  7481 | D:5      | Noticed inmateoo's ghost (experienced GrMo)
  7489 | D:5      | Killed inmateoo's ghost
  7489 | D:5      | Reached skill level 9 in Dodging
  8127 | D:6      | Reached skill level 5 in Invocations
  8184 | D:6      | Found a shimmering altar of Xom.
  8259 | D:6      | Acquired Qazlal's fourth power
  8980 | D:6      | Reached skill level 9 in Axes
  9318 | D:7      | Reached XP level 10. HP: 60/60 MP: 18/18
  9371 | D:7      | Reached skill level 10 in Axes
  9392 | D:7      | Noticed Menkaure
  9393 | D:7      | Killed Menkaure
  9791 | D:7      | Found a basalt altar of Yredelemnul.
 10111 | D:8      | Reached skill level 11 in Axes
 10838 | D:8      | Found a radiant altar of Vehumet.
 11279 | D:9      | Reached skill level 12 in Axes
 11728 | D:9      | Noticed an ice statue
 11792 | D:9      | Reached XP level 11. HP: 60/64 MP: 20/20
 12066 | D:9      | Acquired Qazlal's fifth power
 12277 | D:10     | Entered Level 10 of the Dungeon
 12329 | D:10     | Reached skill level 13 in Axes
 12435 | D:10     | Noticed RobertPalmer's ghost (powerful OpWn)
 12437 | D:10     | Killed RobertPalmer's ghost
 12571 | D:10     | Found a roughly hewn altar of Beogh.
 12692 | D:10     | Noticed a hill giant
 12705 | D:10     | Killed a hill giant
 12871 | D:10     | Found a staircase to the Lair.
 12912 | D:10     | Reached skill level 14 in Axes
 13646 | Lair:1   | Entered Level 1 of the Lair of Beasts
 13705 | Lair:1   | Found a radiant altar of Vehumet.
 14117 | Lair:1   | Reached skill level 15 in Axes
 14282 | Lair:1   | Reached skill level 10 in Dodging
 14289 | Lair:1   | Reached XP level 12. HP: 54/70 MP: 17/21
 14887 | Lair:1   | Noticed Ololoev's ghost (powerful CeFi)
 14989 | Lair:1   | Reached skill level 11 in Dodging
 16323 | Lair:2   | Reached skill level 12 in Dodging
 17323 | D:11     | Upgraded the game from 0.16-a0-890-g98fc465 to 0.16-a0-910-g739c61c
 17963 | D:11     | Noticed a seven-headed hydra
 17963 | D:11     | Reached skill level 13 in Dodging
 17983 | D:11     | Killed a nine-headed hydra
 18064 | D:11     | Found a staircase to the Orcish Mines.
 18263 | Orc:1    | Entered Level 1 of the Orcish Mines
 18275 | Orc:1    | Reached skill level 6 in Invocations
 19189 | Orc:1    | Noticed Blork the orc
 19193 | Orc:1    | Killed Blork the orc
 19198 | Orc:1    | Noticed Snorg
 19206 | Orc:1    | Killed Snorg
 19712 | Orc:1    | Reached XP level 13. HP: 64/74 MP: 23/23
 19788 | Orc:1    | Noticed Eustachio
 19792 | Orc:1    | Killed Eustachio
 20391 | Orc:3    | Noticed Urug
 20399 | Orc:3    | Killed Urug
 20663 | Orc:3    | Noticed Donald
 20731 | Orc:3    | Found Lofamniq's Book Shoppe.
 20769 | Orc:3    | Bought a book of Wizardry for 450 gold pieces
 20769 | Orc:3    | Bought a book of Frost for 525 gold pieces
 20772 | Orc:3    | Learned a level 1 spell: Freeze
 21348 | Orc:3    | Reached skill level 16 in Axes
 21369 | Orc:3    | Found a staircase to the Elven Halls.
 21662 | Orc:3    | Killed Donald
 21662 | Orc:3    | Reached skill level 2 in Ice Magic
 22063 | Orc:3    | Noticed Nessos
 22496 | D:11     | Reached skill level 1 in Maces & Flails
 22732 | D:11     | Reached skill level 2 in Maces & Flails
 23085 | Lair:3   | Reached skill level 3 in Maces & Flails
 23241 | Lair:3   | Reached skill level 4 in Maces & Flails
 23450 | Lair:3   | Reached skill level 5 in Maces & Flails
 23478 | Lair:3   | Found a staircase to the Swamp.
 23897 | Lair:4   | Reached skill level 6 in Maces & Flails
 24297 | Lair:4   | Noticed Rupert
 24309 | Lair:4   | Killed Rupert
 24309 | Lair:4   | Reached skill level 7 in Maces & Flails
 24407 | Lair:4   | Found a hole to the Spider Nest.
 24428 | Lair:4   | Noticed Fannar
 24430 | Lair:4   | Noticed Harold
 24433 | Lair:4   | Killed Fannar
 24442 | Lair:4   | Killed Harold
 24487 | Lair:4   | Reached skill level 8 in Maces & Flails
 24941 | Lair:4   | Learned a level 3 spell: Ozocubu's Armour
 25265 | Lair:5   | Reached skill level 1 in Charms
 25281 | Lair:5   | Reached XP level 14. HP: 81/81 MP: 24/24
 25405 | Lair:5   | Reached skill level 2 in Charms
 25492 | Lair:5   | Reached skill level 1 in Shields
 25546 | Lair:5   | Reached skill level 2 in Shields
 25836 | Lair:5   | Reached skill level 3 in Shields
 26035 | Lair:6   | Reached skill level 4 in Shields
 26869 | Lair:7   | Found a labyrinth entrance.
 26877 | Lab      | Entered a labyrinth
 27137 | Lab      | Reached skill level 5 in Shields
 27742 | Lab      | Found an exit through the horrors of the Abyss.
 28199 | Lair:7   | Reached skill level 9 in Maces & Flails
 29173 | Lair:8   | Entered Level 8 of the Lair of Beasts
 29210 | Lair:8   | Reached skill level 10 in Maces & Flails
 29344 | Lair:8   | Reached skill level 3 in Charms
 29451 | Lair:8   | Reached skill level 4 in Charms
 29512 | Lair:8   | Reached skill level 5 in Charms
 29573 | Lair:7   | Upgraded the game from 0.16-a0-910-g739c61c to 0.16-a0-922-gae79c9c
 29841 | Lair:8   | Found a staircase to the Slime Pits.
 29842 | Lair:8   | Found a viscous altar of Jiyva.
 29931 | Lair:8   | Learned a level 6 spell: Iron Shot
 29992 | Lair:8   | Reached skill level 1 in Earth Magic
 30085 | Lair:8   | Reached skill level 2 in Earth Magic
 30355 | Lair:8   | Reached skill level 3 in Earth Magic
 30429 | Lair:8   | Reached skill level 4 in Earth Magic
 30653 | Lair:8   | Reached skill level 5 in Earth Magic
 30700 | Lair:8   | Paralysed by a red wasp for 3 turns
 30713 | Lair:8   | Reached XP level 15. HP: 33/85 MP: 17/25
 30954 | Lair:8   | Reached skill level 6 in Earth Magic
 31613 | D:11     | Learned a level 2 spell: Blink
 31639 | D:11     | Reached skill level 7 in Earth Magic
 31935 | D:12     | Reached skill level 8 in Earth Magic
 32373 | D:12     | Learned a level 1 spell: Summon Butterflies
 32720 | D:12     | Reached skill level 9 in Earth Magic
 33256 | D:13     | Found Etau's Distillery.
 33276 | D:13     | Bought a potion of beneficial mutation for 385 gold pieces
 33276 | D:13     | Bought a potion of resistance for 77 gold pieces
 33276 | D:13     | Bought a potion of restore abilities for 33 gold pieces
 33276 | D:13     | Bought a potion of heal wounds for 33 gold pieces
 33276 | D:13     | Bought 2 potions of heal wounds for 66 gold pieces
 33276 | D:13     | Bought a potion of curing for 22 gold pieces
 33276 | D:13     | Bought a potion of curing for 22 gold pieces
 33276 | D:13     | Bought a potion of curing for 22 gold pieces
 33276 | D:13     | Bought a potion of curing for 22 gold pieces
 33276 | D:13     | Bought a potion of curing for 22 gold pieces
 33287 | D:13     | Gained mutation: You possess an exceptional clarity of mind. [potion of beneficial mutation]
 33291 | D:13     | Found a white marble altar of Elyvilon.
 33405 | D:13     | Reached skill level 10 in Earth Magic
 33533 | D:13     | Found a viscous altar of Jiyva.
 33922 | D:13     | Found a gate to the Vaults.
 33928 | D:13     | Reached skill level 11 in Earth Magic
 34503 | D:14     | Reached skill level 12 in Earth Magic
 34660 | D:14     | Found an opulent altar of Gozag.
 34745 | D:14     | Found an ancient bone altar of Kikubaaqudgha.
 34868 | D:15     | Entered Level 15 of the Dungeon
 35242 | D:15     | Reached XP level 16. HP: 90/90 MP: 25/25
 35460 | D:15     | Got a slimy amber ring
 35461 | D:15     | Identified the ring of Bodily Harmony {rF++ rC+ Str+1 Stlth-} (You found it on level 15 of the Dungeon)
 35531 | D:15     | Reached skill level 13 in Earth Magic
 35580 | D:15     | Noticed Sonja
 35581 | D:15     | Killed Sonja
 35663 | D:15     | Found a staircase to the Depths.
 36191 | Orc:4    | Entered Level 4 of the Orcish Mines
 36412 | Orc:4    | Found Jouciepa's Assorted Antiques.
 36412 | Orc:4    | Found Vieh's Assorted Antiques.
 36413 | Orc:4    | Found Weoq's Assorted Antiques.
 36413 | Orc:4    | Found Psistrui's Antique Armour Emporium.
 36457 | Orc:4    | Bought a bone ring for 110 gold pieces
 36644 | Orc:4    | Reached skill level 14 in Earth Magic
 37044 | Orc:4    | Identified Fran's Reference Book on the Escort and the Rocks (You found it on level 4 of the Orcish Mines)
 37463 | Swamp:1  | Entered Level 1 of the Swamp
 37585 | Swamp:1  | Reached skill level 1 in Conjurations
 37766 | Swamp:1  | Gained mutation: You can breathe flames. [potion of beneficial mutation]
 37770 | Swamp:1  | Reached skill level 2 in Conjurations
 37864 | Swamp:1  | Reached skill level 3 in Conjurations
 38376 | Swamp:2  | Reached skill level 1 in Spellcasting
 38487 | Swamp:2  | Noticed Agnes
 38717 | Swamp:2  | Killed Agnes
 38717 | Swamp:2  | Reached skill level 2 in Spellcasting
 39075 | Swamp:3  | Noticed a thorn hunter
 39080 | Swamp:3  | Noticed Saint Roka
 39099 | Swamp:2  | Killed a thorn hunter
 39099 | Swamp:2  | Reached skill level 3 in Spellcasting
 39455 | Swamp:2  | Reached skill level 4 in Spellcasting
 39469 | Swamp:2  | Learned a level 6 spell: Statue Form
 39879 | Swamp:3  | Reached skill level 5 in Spellcasting
 39923 | Swamp:3  | Noticed Frances
 40120 | Swamp:3  | Reached skill level 6 in Spellcasting
 40120 | Swamp:3  | Reached XP level 17. HP: 58/95 MP: 28/29
 40136 | Swamp:3  | Learned a level 6 spell: Haste
 40397 | Swamp:3  | Killed Saint Roka
 40397 | Swamp:3  | Reached skill level 15 in Earth Magic
 40680 | Swamp:3  | Killed Frances
 41699 | Swamp:4  | Noticed Wiglaf
 41734 | Swamp:4  | Killed Wiglaf
 41734 | Swamp:4  | Reached skill level 1 in Transmutations
 41778 | Swamp:4  | Noticed Kirke
 41905 | Swamp:4  | Reached skill level 2 in Transmutations
 42156 | Swamp:4  | Killed Kirke
 42156 | Swamp:4  | Reached skill level 3 in Transmutations
 42474 | Swamp:5  | Entered Level 5 of the Swamp
 42653 | Swamp:5  | Reached skill level 4 in Transmutations
 42895 | Swamp:5  | Reached skill level 5 in Transmutations
 43351 | Swamp:5  | Reached skill level 6 in Transmutations
 43943 | Swamp:5  | Reached skill level 7 in Transmutations
 44119 | Swamp:5  | Noticed the 27-headed Lernaean hydra
 44327 | Swamp:5  | Reached skill level 8 in Transmutations
 44455 | Swamp:5  | Reached skill level 1 in Evocations
 44718 | Swamp:5  | Got a decaying rune of Zot
 44942 | Spider:1 | Entered Level 1 of the Spider Nest
 44967 | Spider:1 | Reached skill level 2 in Evocations
 44988 | Spider:1 | Reached skill level 6 in Charms
 44992 | Spider:1 | Reached skill level 3 in Evocations
 45064 | Spider:1 | Reached XP level 18. HP: 100/100 MP: 23/30
 45094 | Spider:1 | Reached skill level 4 in Evocations
 45772 | Spider:1 | Reached skill level 7 in Charms
 45793 | Spider:2 | Noticed Arachne
 45855 | Spider:2 | Killed Arachne
 45865 | Spider:2 | Reached skill level 8 in Charms
 46078 | Spider:2 | Noticed Asterion
 46090 | Spider:2 | Killed Asterion
 46202 | Spider:2 | Noticed Roxanne
 46609 | Spider:2 | Reached skill level 9 in Charms
 47311 | Spider:3 | Reached skill level 10 in Charms
 47506 | Spider:4 | Found a frozen archway.
 47541 | Spider:4 | Noticed Norris
 47888 | Spider:4 | Noticed Nikola
 47911 | Spider:4 | Killed Nikola
 48322 | Spider:4 | Reached skill level 11 in Charms
 48346 | Spider:4 | Killed Norris
 48760 | Spider:4 | Identified a wand of teleportation {zapped: 1} (You found it on level 4 of the Spider Nest)
 49230 | Spider:5 | Entered Level 5 of the Spider Nest
 49332 | Spider:5 | Reached skill level 12 in Charms
 49811 | Spider:5 | Reached skill level 3 in Fighting
 50149 | Vaults:1 | Entered Level 1 of the Vaults
 50173 | Vaults:1 | Reached skill level 4 in Fighting
 50320 | Vaults:1 | Reached skill level 5 in Fighting
 50321 | Vaults:1 | Reached XP level 19. HP: 109/113 MP: 18/31
 50374 | Vaults:1 | Reached skill level 6 in Fighting
 50404 | Vaults:1 | Reached skill level 7 in Fighting
 50424 | Vaults:1 | Reached skill level 8 in Fighting
 50981 | Vaults:1 | Reached skill level 9 in Fighting
 51470 | Vaults:1 | Reached skill level 10 in Fighting
 51562 | Vaults:1 | Noticed Jorgrun
 52322 | Vaults:1 | Killed Jorgrun
 52668 | Vaults:2 | Reached skill level 7 in Invocations
 52711 | Vaults:2 | Reached skill level 8 in Invocations
 52928 | Vaults:2 | Found Mnymi's Magic Scroll Boutique.
 52945 | Vaults:2 | Bought a scroll of silence for 112 gold pieces
 52963 | Vaults:2 | Paralysed by an orc sorcerer for 3 turns
 53103 | Vaults:2 | Reached skill level 9 in Invocations
 53222 | Vaults:2 | Found Zoum's Jewellery Shoppe.
 53231 | Vaults:2 | Bought an uncursed ring of see invisible for 240 gold pieces
 53231 | Vaults:2 | Bought the ring "Xaiv" {rPois Str+3 Dex+2} for 600 gold pieces
 53231 | Vaults:2 | Bought an uncursed ring of regeneration for 480 gold pieces
 53231 | Vaults:2 | Bought an uncursed amulet of resist mutation for 640 gold pieces
 53260 | Vaults:2 | Found Stoke's Weapon Boutique.
 53390 | Vaults:2 | Found a burning altar of Makhleb.
 53686 | Vaults:2 | Found Fiss' Book Shoppe.
 54257 | Vaults:3 | Reached skill level 7 in Spellcasting
 54275 | Vaults:3 | Reached XP level 20. HP: 117/132 MP: 20/33
 54290 | Vaults:3 | Reached skill level 8 in Spellcasting
 54567 | Vaults:3 | Reached skill level 9 in Spellcasting
 54871 | Vaults:3 | Learned a level 7 spell: Orb of Destruction
 55176 | Vaults:3 | Reached skill level 10 in Spellcasting
 55186 | Vaults:3 | Learned a level 7 spell: Spellforged Servitor
 55256 | Vaults:3 | Found a staircase to the Crypt.
 55566 | Vaults:3 | Found Kutt's Antique Weapon Shoppe.
 56066 | Vaults:4 | Reached skill level 11 in Maces & Flails
 56205 | Vaults:4 | Noticed Mennas
 56329 | Vaults:4 | Killed Mennas
 56351 | Vaults:4 | Reached skill level 12 in Maces & Flails
 56565 | Vaults:4 | Gained mutation: You are partially covered in yellow scales (AC +2). [potion of beneficial mutation]
 56799 | Vaults:4 | Reached skill level 13 in Maces & Flails
 56893 | Vaults:4 | Identified a scroll of acquirement
 56956 | Vaults:4 | Paralysed by a sphinx for 6 turns
 56993 | Vaults:4 | Reached XP level 21. HP: 137/137 MP: 36/36
 57140 | Vaults:4 | Noticed Aizul
 57149 | Vaults:4 | Killed Aizul
 57229 | Vaults:4 | Found Niyvew's General Store.
 57261 | Vaults:4 | Reached skill level 14 in Maces & Flails
 57393 | Vaults:5 | Entered Level 5 of the Vaults
 57847 | Spider:2 | Reached skill level 4 in Conjurations
 57971 | Spider:5 | Reached skill level 5 in Conjurations
 58132 | Spider:5 | Reached skill level 6 in Conjurations
 58303 | Spider:5 | Reached skill level 7 in Conjurations
 58549 | Spider:5 | Got a gossamer rune of Zot
 58629 | Spider:5 | Reached skill level 8 in Conjurations
 59391 | Depths:1 | Entered Level 1 of the Depths
 59513 | Depths:1 | Reached skill level 9 in Conjurations
 59554 | Depths:1 | Found a gateway to Hell.
 59930 | Depths:1 | Reached skill level 10 in Conjurations
 60476 | Depths:2 | Reached skill level 11 in Conjurations
 61050 | Depths:2 | Reached skill level 12 in Conjurations
 61054 | Depths:2 | Reached XP level 22. HP: 125/143 MP: 25/37
 61245 | Depths:2 | Found Tedoim's General Store.
 61351 | Depths:2 | Found a gateway to Hell.
 61446 | Depths:2 | Found a gateway to a ziggurat.
 61457 | Depths:2 | Paralysed by a great orb of eyes for 5 turns
 61747 | Depths:2 | Reached skill level 13 in Conjurations
 62062 | Depths:3 | Noticed Sojobo
 62165 | Depths:2 | Killed Sojobo
 62199 | Depths:2 | Reached skill level 14 in Conjurations
 62411 | Depths:3 | Found a one-way gate leading to the halls of Pandemonium.
 62438 | Depths:3 | Found a gateway to Hell.
 62533 | Depths:3 | Reached skill level 15 in Conjurations
 63484 | Depths:4 | Reached skill level 14 in Dodging
 63955 | Depths:4 | Reached XP level 23. HP: 148/148 MP: 37/37
 63962 | Depths:4 | Reached skill level 10 in Invocations
 64285 | Depths:4 | Reached skill level 11 in Invocations
 64388 | Depths:4 | Reached skill level 12 in Invocations
 64786 | Depths:4 | Reached skill level 13 in Invocations
 64939 | Depths:4 | Found a gateway to Hell.
 64958 | Depths:4 | Found an ancient bone altar of Kikubaaqudgha.
 65053 | Depths:4 | Reached skill level 1 in Translocations
 65060 | Depths:4 | Reached skill level 2 in Translocations
 65106 | Depths:4 | Found a one-way gate to the infinite horrors of the Abyss.
 65232 | Depths:4 | Reached skill level 3 in Translocations
 65337 | Depths:4 | Reached skill level 4 in Translocations
 65424 | Depths:4 | Reached skill level 5 in Translocations
 65578 | Depths:5 | Entered Level 5 of the Depths
 65646 | Depths:5 | Found a gateway to Hell.
 65654 | Depths:5 | Found a magical portal.
 65659 | WizLab   | Entered Tukima's Studio
 65673 | WizLab   | Reached skill level 6 in Translocations
 65808 | WizLab   | Reached skill level 7 in Translocations
 65955 | Depths:5 | Reached skill level 8 in Translocations
 66227 | Depths:5 | Reached skill level 1 in Summonings
 66234 | Depths:5 | Reached skill level 2 in Summonings
 66257 | Depths:5 | Found a gate to the Realm of Zot.
 66291 | Depths:5 | Reached skill level 3 in Summonings
 66369 | Depths:5 | Noticed Boris
 66379 | Depths:5 | Killed Boris
 66379 | Depths:5 | Reached skill level 4 in Summonings
 66381 | Depths:5 | Reached skill level 5 in Summonings
 66381 | Depths:5 | Reached XP level 24. HP: 154/154 MP: 31/38
 67168 | Vaults:2 | Bought a book of the Warp for 1710 gold pieces
 67179 | Vaults:2 | Learned a level 5 spell: Phase Shift
 67604 | Elf:1    | Entered Level 1 of the Elven Halls
 67993 | Elf:1    | Reached skill level 6 in Summonings
 67998 | Elf:1    | Identified a wand of heal wounds {zapped: 1} (You found it on level 1 of the Elven Halls)
 68219 | Elf:1    | Identified the Papyrus of Stolen Souls (You found it on level 1 of the Elven Halls)
 68373 | Elf:1    | Reached skill level 7 in Summonings
 68766 | Elf:2    | Reached skill level 8 in Summonings
 69029 | Elf:2    | Reached skill level 9 in Summonings
 69123 | Elf:2    | Reached skill level 10 in Summonings
 69486 | Elf:3    | Entered Level 3 of the Elven Halls
 70145 | Elf:3    | Reached skill level 11 in Summonings
 70177 | Elf:3    | Cast into the Abyss (deep elf sorcerer)
 70429 | Abyss:1  | Gained mutation: Your body is slowly deteriorating. [a neqoxec]
 70511 | Abyss:1  | Reached skill level 12 in Summonings
 70705 | Abyss:1  | Lost mutation: You are partially covered in yellow scales (AC +2). [potion of cure mutation]
 70705 | Abyss:1  | Lost mutation: You can breathe flames. [potion of cure mutation]
 70705 | Abyss:1  | Lost mutation: Your body is slowly deteriorating. [potion of cure mutation]
 70705 | Abyss:1  | Lost mutation: You possess an exceptional clarity of mind. [potion of cure mutation]
 70792 | Abyss:1  | Reached skill level 16 in Conjurations
 71200 | Abyss:1  | Reached XP level 25. HP: 159/159 MP: 33/38
 71289 | Abyss:1  | Reached skill level 17 in Conjurations
 71673 | Abyss:1  | Paralysed by accursed screaming for 1 turns
 71988 | Abyss:2  | Reached skill level 11 in Spellcasting
 72445 | Abyss:3  | Reached skill level 12 in Spellcasting
 72819 | Abyss:3  | Reached skill level 11 in Fighting
 72997 | Abyss:3  | Found a roughly hewn altar of Beogh.
 73073 | Abyss:3  | Reached skill level 13 in Spellcasting
 73196 | Abyss:3  | Found a corrupted altar of Lugonu.
 73270 | Abyss:3  | Reached XP level 26. HP: 139/169 MP: 42/42
 73415 | Abyss:3  | Reached skill level 9 in Translocations
 73569 | Abyss:3  | Got an abyssal rune of Zot
 73660 | Abyss:3  | Found a corrupted altar of Lugonu.
 73706 | Abyss:3  | Gained mutation: Your spells are a little easier to cast, but a little less powerful. [a neqoxec]
 73726 | Abyss:3  | Reached skill level 10 in Translocations
 73788 | Abyss:3  | Paralysed by accursed screaming for 1 turns
 73791 | Abyss:3  | Paralysed by accursed screaming for 1 turns
 73802 | Abyss:3  | Paralysed by accursed screaming for 1 turns
 73813 | Abyss:3  | Found a corrupted altar of Lugonu.
 73832 | Elf:3    | Escaped the Abyss
 74091 | Elf:3    | Reached skill level 11 in Translocations
 74326 | Elf:3    | Got a faintly glowing iron ring
 74326 | Elf:3    | Got a scintillating tin ring
 74326 | Elf:3    | Got a pitted tin ring
 74408 | Elf:3    | Identified the ring "Ihusuc" {+/*Tele MR++ Str-1 Int+2} (You took it off a deep elf sorcerer on level 3 of the Elven Halls)
 74409 | Elf:3    | Identified the ring of Moodiness {Fire Str+1 Int+1} (You took it off a deep elf annihilator on level 3 of the Elven Halls)
 74413 | Elf:3    | Identified the ring "Edup" {rC+ Int+4} (You took it off a deep elf annihilator on level 3 of the Elven Halls)
 74425 | Elf:3    | Identified the Volume of Ice and Attacks (You found it on level 3 of the Elven Halls)
 74467 | Elf:3    | Learned a level 7 spell: Controlled Blink
 74684 | Elf:2    | Reached skill level 12 in Translocations
 75024 | Vaults:2 | Bought a book of Transfigurations for 1045 gold pieces
 75028 | Vaults:2 | Learned a level 2 spell: Stoneskin
 75210 | Vaults:5 | Reached skill level 12 in Fighting
 75434 | Vaults:5 | Reached skill level 13 in Fighting
 75525 | Vaults:5 | Reached skill level 14 in Fighting
 75729 | Vaults:5 | Reached XP level 27. HP: 182/182 MP: 5/42
 75730 | Vaults:5 | Reached skill level 15 in Fighting
 75741 | Vaults:5 | Noticed an ancient lich
 76158 | Vaults:5 | Reached skill level 16 in Fighting
 76213 | Vaults:5 | Identified the Guide on Creation
 76301 | Vaults:5 | Reached skill level 14 in Spellcasting
 76342 | Vaults:5 | Got a silver rune of Zot
 76527 | Vaults:5 | Killed an ancient lich
 76822 | Vaults:5 | Reached skill level 15 in Spellcasting
 76874 | Vaults:5 | Learned a level 6 spell: Aura of Abjuration
 77867 | Lair:1   | Killed Ololoev's ghost
 78109 | Slime:1  | Entered Level 1 of the Pits of Slime
 78551 | Slime:2  | Reached skill level 16 in Spellcasting
 79622 | Slime:6  | Entered Level 6 of the Pits of Slime
 79706 | Slime:6  | Noticed the royal jelly
 79786 | Slime:4  | Reached skill level 17 in Spellcasting
 80284 | Slime:5  | Gained mutation: Your body is slowly deteriorating. [a shining eye]
 80285 | Slime:5  | Lost mutation: Your body is slowly deteriorating. [potion of cure mutation]
 80285 | Slime:5  | Lost mutation: Your spells are a little easier to cast, but a little less powerful. [potion of cure mutation]
 80497 | Slime:6  | Killed the royal jelly
 80497 | Slime:6  | Reached skill level 18 in Spellcasting
 80898 | Slime:6  | Got a slimy rune of Zot
 80901 | Slime:6  | Identified the Almanac of Attacks and Fire
 81498 | Depths:5 | Learned a level 7 spell: Malign Gateway
 81528 | Zot:1    | Entered Level 1 of the Realm of Zot
 81653 | Zot:1    | Reached skill level 14 in Invocations
 82121 | Zot:1    | Reached skill level 15 in Invocations
 82772 | Zot:2    | Reached skill level 16 in Invocations
 83304 | Zot:3    | Reached skill level 17 in Invocations
 83980 | Zot:3    | Reached skill level 18 in Invocations
 84396 | Zot:3    | Noticed an orb of fire
 84420 | Zot:3    | Killed an orb of fire
 84420 | Zot:3    | Reached skill level 19 in Invocations
 84947 | Zot:4    | Reached skill level 20 in Invocations
 85273 | Zot:4    | Cast into the Abyss (a Zot trap)
 85306 | Zot:4    | Escaped the Abyss
 85725 | Zot:5    | Entered Level 5 of the Realm of Zot
 85819 | Zot:4    | Found a corrupted altar of Lugonu.
 85860 | Zot:4    | Reached skill level 21 in Invocations
 86439 | Zot:4    | Reached skill level 22 in Invocations
 86471 | Zot:4    | Identified the Almanac of Fire and Brimstone (You found it on level 4 of the Realm of Zot)
 86502 | Zot:4    | Identified the Catalogue of the Zealot
 87023 | Zot:5    | Noticed an ancient lich
 87027 | Zot:5    | Noticed an ancient lich
 87030 | Zot:5    | Killed an ancient lich
 87030 | Zot:5    | Reached skill level 23 in Invocations
 87033 | Zot:5    | Killed an ancient lich
 87184 | Zot:5    | Noticed an orb of fire
 87189 | Zot:5    | Killed an orb of fire
 87189 | Zot:5    | Reached skill level 24 in Invocations
 87386 | Zot:5    | Noticed an orb of fire
 87395 | Zot:5    | Killed an orb of fire
 87454 | Zot:5    | Reached skill level 25 in Invocations
 87488 | Zot:5    | Noticed an orb of fire
 87501 | Zot:5    | Killed an orb of fire
 87573 | Zot:5    | Noticed an orb of fire
 87583 | Zot:5    | Killed an orb of fire
 87834 | Zot:5    | Noticed an ancient lich
 87848 | Zot:5    | Killed an ancient lich
 87910 | Zot:5    | Reached skill level 26 in Invocations
 88415 | Zig:1    | Entered Level 1 of a ziggurat
 88586 | Zig:2    | Entered Level 2 of a ziggurat
 88674 | Zig:3    | Entered Level 3 of a ziggurat
 88714 | Zig:4    | Entered Level 4 of a ziggurat
 88760 | Zig:4    | Identified Schoeph Ojasy's Handbook of Frigorific Evil Magic (You found it on level 4 of a ziggurat)
 88805 | Zig:5    | Entered Level 5 of a ziggurat
 88833 | Zig:5    | Reached skill level 27 in Invocations
 89017 | Zig:6    | Entered Level 6 of a ziggurat
 89067 | Zig:6    | Identified the Almanac of the Griffon
 89254 | Zig:7    | Entered Level 7 of a ziggurat
 89688 | Zig:8    | Entered Level 8 of a ziggurat
 89739 | Zig:8    | Got an ancient iron ring
 89757 | Zig:8    | Identified the ring of Ascent {+Blink Dex+3} (You found it on level 8 of a ziggurat)
 89763 | Zig:8    | Identified the Catalogue of Assistive Unholy Magic (You found it on level 8 of a ziggurat)
 89769 | Zig:8    | Identified the Disquisition on Aid and Weightlessness (You found it on level 8 of a ziggurat)
 89783 | Zig:8    | Learned a level 7 spell: Summon Hydra
 89908 | Zig:9    | Entered Level 9 of a ziggurat
 89917 | Zig:9    | Reached skill level 17 in Fighting
 89954 | Zig:9    | Identified Khuteput's Collected Works on the Traveller (You found it on level 9 of a ziggurat)
 89971 | Zig:10   | Entered Level 10 of a ziggurat
 90063 | Zig:10   | Got a steaming dire flail
 90069 | Zig:10   | Identified the +10 dire flail "Urreid" {crush, +Inv rElec rF+} (You found it on level 10 of a ziggurat)
 90111 | Zig:11   | Entered Level 11 of a ziggurat
 90138 | Zig:11   | Reached skill level 18 in Fighting
 90230 | Zig:12   | Entered Level 12 of a ziggurat
 90633 | Zig:13   | Entered Level 13 of a ziggurat
 90650 | Zig:13   | Reached skill level 19 in Fighting
 90727 | Zig:13   | Got a twitching pewter ring
 90729 | Zig:13   | Identified the ring "Heimuppi" {rPois Str+4 Int-2} (You found it on level 13 of a ziggurat)
 90808 | Zig:14   | Entered Level 14 of a ziggurat
 91012 | Zig:15   | Entered Level 15 of a ziggurat
 91026 | Zig:15   | Reached skill level 20 in Fighting
 91359 | Zig:16   | Entered Level 16 of a ziggurat
 91597 | Zig:16   | Identified 2 potions of experience
 91604 | Zig:16   | Reached skill level 19 in Spellcasting
 91606 | Zig:16   | Reached skill level 20 in Spellcasting
 91616 | Zig:16   | Learned a level 8 spell: Lehudib's Crystal Spear
 91672 | Zig:17   | Entered Level 17 of a ziggurat
 92070 | Zig:17   | Learned a level 7 spell: Malign Gateway
 92089 | Zig:18   | Entered Level 18 of a ziggurat
 92119 | Zig:18   | Reached skill level 18 in Conjurations
 92271 | Zig:19   | Entered Level 19 of a ziggurat
 92285 | Zig:19   | Noticed an ancient lich
 92296 | Zig:19   | Killed an ancient lich
 92512 | Zig:19   | Noticed an ancient lich
 92515 | Zig:19   | Noticed an ancient lich
 92515 | Zig:19   | Noticed an ancient lich
 92541 | Zig:19   | Reached skill level 13 in Translocations
 92551 | Zig:19   | Killed an ancient lich
 92556 | Zig:19   | Killed an ancient lich
 92561 | Zig:19   | Reached skill level 14 in Translocations
 92574 | Zig:19   | Killed an ancient lich
 92878 | Zig:20   | Entered Level 20 of a ziggurat
 92901 | Zig:20   | Reached skill level 15 in Translocations
 92930 | Zig:20   | Reached skill level 16 in Translocations
 92988 | Zig:20   | Gained mutation: Your magical capacity is low (-10% MP). [mutagenic glow]
 92989 | Zig:20   | Lost mutation: Your magical capacity is low (-10% MP). [potion of cure mutation]
 93135 | Zig:20   | Got a crude bronze ring
 93136 | Zig:20   | Identified the ring "Ghiock" {MP+9 Stlth--} (You found it on level 20 of a ziggurat)
 93141 | Zig:20   | Got a shimmering iron ring
 93142 | Zig:20   | Identified the ring "Shopp" {rElec rPois rC+ Slay-1} (You found it on level 20 of a ziggurat)
 93154 | Zig:20   | Identified the Incunabulum of the Traveller
 93178 | Zig:21   | Entered Level 21 of a ziggurat
 93203 | Zig:21   | Reached skill level 21 in Spellcasting
 93209 | Zig:21   | HP: 25/260 [greater mummy/torment (5)]
 93216 | Zig:21   | HP: 23/260 [greater mummy/divine providence (12)]
 93217 | Zig:21   | HP: 7/260 [smoke demon/divine providence[a greater mummy] (12)]
 93224 | Zig:21   | HP: 23/260 [greater mummy/divine providence (15)]
 93226 | Zig:21   | HP: 5/260 [greater mummy/divine providence (12)]
 93226 | Zig:21   | Killed from afar by a greater mummy

Vanquished Creatures
  the royal jelly (Slime:6)
  2 orbs of fire
  6 ancient liches
  5 greater mummies (Zig:21)
  Boris (Depths:5)
  8 curse toes
  Sojobo (Depths:2)
  Norris (Spider:4)
  3 Killer Klowns
  Mennas (Vaults:4)
  7 golden dragons
  48 large abominations
  A profane servitor (Abyss:3)
  2 electric golems (Zot:5)
  Nikola (Spider:4)
  9 bone dragons
  Arachne (Spider:2)
  A Hell Sentinel (Abyss:2)
  19 Orb Guardians (Zot:5)
  25 tentacled monstrosities
  Asterion (Spider:2)
  A Shadow Fiend (Zig:17)
  3 deep elf master archers
  9 deep elf blademasters
  2 titans
  4 quicksilver dragons
  2 octopode crushers (Zig:11)
  15 tentacled starspawn
  3 liches
  13 storm dragons
  An eldritch tentacle (Zig:19)
  32 acid blobs
  8 tengu reavers
  2 Executioners
  3 sphinxes
  2 thorn hunters
  Rupert (Lair:4)
  Agnes (Swamp:2)
  Frances (Swamp:3)
  4 ancient champions
  Kirke (Swamp:4)
  A daeva (Abyss:1)
  15 draconian monks
  2 revenants
  8 shadow dragons
  A fire giant (shapeshifter) (Zig:8)
  9 fire giants
  5 greater nagas (Zig:12)
  10 azure jellies
  16 frost giants
  Wiglaf (Swamp:4)
  9 deep elf sorcerers
  9 draconian knights
  14 emperor scorpions
  4 iron dragons
  9 draconian scorchers
  Aizul (Vaults:4)
  2 balrugs
  11 draconian zealots
  6 orc warlords
  2 curse skulls (Zig:19)
  A cacodemon (Zig:10)
  11 ghost moths
  20 vault wardens
  Jorgrun (Vaults:1)
  A ghoul (Zig:19)
  23 stone giants
  2 draconian shifters
  8 draconian annihilators
  12 very ugly things
  A war gargoyle (Vaults:5)
  18 deep elf demonologists
  7 grey draconians
  4 vampire knights
  24 starcursed masses
  9 rakshasas
  9 draconian callers
  4 bennus (Zig:21)
  8 green draconians
  A spectral titan (Zig:21)
  11 deep elf annihilators
  6 red draconians
  10 black draconians
  10 pale draconians
  12 yellow draconians
  8 mottled draconians
  2 dire elephants
  A blizzard demon (Abyss:1)
  5 white draconians
  3 purple draconians
  3 ettins
  5 eidola
  The ghost of Ololoev the Carver, a powerful CeFi of Okawaru (Lair:1)
  A merfolk javelineer (Zig:11)
  5 green deaths
  11 deep elf death magi
  A merfolk impaler (Zig:11)
  A quicksilver dragon zombie (Abyss:2)
  16 fire dragons
  5 death oozes
  37 small abominations
  6 deep elf high priests
  2 minotaurs
  11 mummy priests
  29 vault guards
  17 yaktaur captains
  3 jiangshi
  19 ironheart preservers
  5 death cobs
  Fannar (Lair:4)
  19 great orbs of eyes
  5 spriggan air magi
  26 hydras
  Harold (Lair:4)
  2 naga warriors (Zig:12)
  6 statues (WizLab)
  An anaconda (Zig:12)
  18 ice dragons
  A spectral tengu (Zig:21)
  A merfolk avatar (Zig:11)
  A shambling mangrove (Zig:18)
  A ghost crab (Zig:17)
  A satyr (Zig:11)
  2 tengu warriors (Depths:2)
  An alligator snapping turtle (shapeshifter) (Zig:8)
  25 dancing weapons
  6 alligators
  7 deep troll shamans
  11 centaur warriors
  5 death yaks (Depths:4)
  10 deep troll earth magi
  19 ogre magi
  3 death knights
  A vampire mage (Abyss:3)
  The ghost of RobertPalmer the Octopoid Catastrophe, a powerful OpWn of Qazlal (D:10)
  2 titan zombies (Zig:17)
  5 orc high priests
  6 hell hogs
  15 thrashing horrors
  Urug (Orc:3)
  10 sun demons
  A shock serpent (shapeshifter) (Vaults:5)
  2 shock serpents (Zig:12)
  5 spriggan berserkers
  A storm dragon zombie (Zig:17)
  8 soul eaters
  3 titan skeletons
  41 deep elf knights
  2 catoblepae (Abyss:3)
  11 wretched stars
  4 salamander mystics (Depths:4)
  2 sea snakes (shapeshifter)
  6 hell knights (Depths:4)
  11 iron trolls
  A fire crab (shapeshifter) (Depths:4)
  2 fire crabs
  3 spatial maelstroms
  4 ice devils
  A hell beast (Elf:3)
  3 skeletal warriors (Zig:17)
  6 shadow wraiths
  2 storm dragon skeletons
  3 golden dragon zombies
  2 unseen horrors
  A lindwurm (Lair:8)
  3 death drakes
  4 giant orange brains
  A sea snake (Zig:11)
  5 spriggan druids
  16 swamp dragons
  9 orb spiders
  5 flayed ghosts
  45 deep trolls
  2 wizards
  A tengu zombie (Zig:17)
  9 deep elf summoners
  16 hill giants
  11 harpies
  8 necromancers
  14 red wasps
  33 deep elf conjurers
  3 deathcaps
  6 manticores
  43 wolf spiders
  14 salamanders (Depths:4)
  2 draconian zombies (Zig:20)
  16 orc knights
  A mana viper (shapeshifter) (Vaults:4)
  2 shining eyes (Slime:5)
  A shadow dragon skeleton (Zig:21)
  14 cyclopes
  19 ironbrand convokers
  2 stone giant zombies (Zig:16)
  A draconian (shapeshifter) (Vaults:3)
  3 fauns (Zig:11)
  2 salamanders (shapeshifter)
  8 griffons
  6 orc sorcerers
  A red wasp (shapeshifter) (Zig:4)
  A tengu skeleton (Zig:9)
  44 ugly things
  2 hellions
  8 phantasmal warriors
  28 moths of wrath
  A moth of wrath (shapeshifter) (Depths:2)
  3 oklob plants (Zig:12)
  A dire elephant zombie (Abyss:1)
  2 mana vipers
  9 sixfirhies
  A siren (Zig:11)
  A stone giant skeleton (Vaults:5)
  A sphinx skeleton (Zig:21)
  6 worldbinders
  3 eyes of devastation
  9 vault sentinels
  6 draconian skeletons (Zig:20)
  3 naga magi
  2 spriggan zombies (Zig:17)
  2 orange demons
  3 apocalypse crabs
  A guardian serpent (shapeshifter) (Zig:15)
  A storm dragon simulacrum (Vaults:5)
  2 tormentors (Abyss:3)
  6 torpor snails
  2 iron devils
  24 spiny frogs
  An orange crystal statue (Zig:3)
  4 guardian serpents
  14 smoke demons
  2 centaur skeletons (D:15)
  13 black mambas
  A kobold demonologist (Vaults:1)
  A spectral glowing shapeshifter (Zig:21)
  2 yaktaurs (shapeshifter)
  3 gargoyles
  12 demonic crawlers
  13 fire drakes
  The ghost of inmateoo the Insei, an experienced GrMo (D:5)
  6 hellwings
  2 tengu conjurers (Depths:2)
  13 ancient zymes
  A black draconian skeleton (Zig:20)
  An efreet (Abyss:3)
  A pale draconian skeleton (Zig:20)
  2 wind drakes
  A golden dragon simulacrum (Abyss:2)
  41 jumping spiders
  4 merfolk (Zig:11)
  A shadow dragon simulacrum (Zig:21)
  A polar bear (Lair:7)
  15 guardian mummies
  20 komodo dragons
  3 red devils
  3 blue devils
  4 silent spectres
  77 yaktaurs
  A jumping spider (shapeshifter) (Abyss:3)
  7 boulder beetles
  Sonja (D:15)
  113 slime creatures
  2 moth of wrath zombies
  A stone giant simulacrum (Vaults:3)
  2 wind drakes (shapeshifter)
  13 ravens
  Prince Ribbit (D:4)
  28 two-headed ogres
  31 deep elf priests
  7 baby alligators
  A giant leech (shapeshifter) (Zig:8)
  6 trolls
  16 freezing wraiths
  7 bog bodies
  12 giant leeches
  28 raiju
  A griffon zombie (D:12)
  An ettin zombie (Abyss:1)
  The ghost of inmateoo the Insei, an average GrMo (D:4)
  15 wandering mushrooms
  4 catoblepas skeletons (Abyss:3)
  3 snapping turtles (Zig:11)
  25 trapdoor spiders
  20 blink frogs
  13 flying skulls
  An ettin skeleton (Vaults:5)
  14 air elementals
  9 basilisks
  A redback (shapeshifter) (Depths:4)
  12 shadows
  70 redbacks
  2 spriggan skeletons
  34 tarantellas
  A centaur simulacrum (D:14)
  7 vampires
  15 ynoxinuls
  3 hill giant zombies
  46 deep elf magi
  A human (D:13)
  37 yaks
  A yak (shapeshifter) (Abyss:2)
  18 golden eyes
  5 wyverns
  2 humans (shapeshifter)
  Eustachio (Orc:1)
  A fire elemental (Zig:8)
  A hog (Swamp:4)
  44 deep elf fighters
  9 wraiths
  9 hungry ghosts
  16 water elementals
  8 spriggans
  15 chaos spawn
  13 hippogriffs
  A steam dragon (D:11)
  10 wargs
  27 swamp worms
  5 mottled dragons
  19 wolves
  A hill giant skeleton (D:12)
  18 neqoxecs
  Menkaure (D:7)
  A spatial vortex (Abyss:3)
  43 vampire mosquitoes
  32 water moccasins
  5 hell hounds (Abyss:2)
  11 porcupines
  A mottled dragon (shapeshifter) (Vaults:2)
  16 ice beasts
  29 spiders
  3 human skeletons
  16 swamp drakes
  11 yellow wasps
  8 sky beasts
  2 black bears
  63 orc warriors
  8 boggarts
  2 phantoms
  4 necrophages
  96 ogres
  3 vampire mosquito zombies (Vaults:1)
  17 crocodiles
  2 manticore skeletons
  2 boring beetles
  Sigmund (D:2)
  3 big kobolds
  29 centaurs
  28 giant frogs
  6 brain worms
  A gnoll sergeant (Zig:16)
  5 yaktaur zombies (Vaults:3)
  3 earth elementals (Abyss:3)
  Blork the orc (Orc:1)
  A wyvern skeleton (D:10)
  45 insubstantial wisps
  A hippogriff zombie (D:8)
  15 scorpions
  7 eyes of draining
  A cyclops skeleton (Vaults:1)
  2 elf simulacra
  10 wights
  19 killer bees
  A hippogriff skeleton (D:7)
  6 electric eels
  A killer bee (shapeshifter) (Zig:14)
  2 troll skeletons
  5 centaur zombies
  2 goliath beetles
  A lava snake (Orc:1)
  8 elf zombies
  9 crimson imps
  8 iron imps
  7 human zombies
  36 orc priests
  9 quasits
  4 gnoll shamans (D:4)
  27 jellies
  4 elf skeletons
  A giant frog skeleton (D:15)
  40 orc wizards
  3 polar bear simulacra (Lair:2)
  13 iguanas
  7 orange rats
  13 hounds
  17 worker ants
  A lightning spire (Zig:8)
  2 yak simulacra (Lair:2)
  20 sheep
  2 tengu simulacra
  3 wolf simulacra (Lair:2)
  A killer bee zombie (D:9)
  5 big kobold zombies (Ossuary)
  Ijyb (D:3)
  2 ogre zombies (Vaults:3)
  2 sky beast zombies
  An ogre skeleton (D:10)
  Terence (D:2)
  33 mummies
  35 adders
  27 gnolls (D:4)
  55 green rats
  5 scorpion zombies (Ossuary)
  8 shadow imps
  7 white imps
  4 giant mites
  19 worms
  17 ufetubi
  An adder zombie (D:5)
  10 orc zombies
  5 giant geckos
  An ooze (D:2)
  265 orcs
  2 ball pythons
  A bat skeleton (D:6)
  A bat zombie (D:7)
  8 giant cockroaches
  34 hobgoblins
  41 jackals
  A quokka (shapeshifter) (Vaults:5)
  15 bats
  5 giant newts
  2 giant newt skeletons
  6 giant spores
  A gnoll skeleton (D:5)
  A gnoll zombie (Ossuary)
  33 goblins
  2 goblin zombies
  3 green rat simulacra (Lair:2)
  3 hobgoblin zombies
  32 kobolds
  2 kobold zombies (Ossuary)
  A lurking horror (Abyss:3)
  17 quokkas
  11 rats
  A rat zombie (D:8)
  21 ballistomycetes
  2 briar patches
  A bush (Lair:4)
  10 butterflies
  8 crawling corpses
  71 fungi
  A macabre mass (Elf:3)
  45 plants
  8 starspawn tentacles
4435 creatures vanquished.

Vanquished Creatures (collateral kills)
  3 orbs of fire (Zot:5)
  2 ancient liches
  A greater mummy (Zig:21)
  Saint Roka (Swamp:3)
  A Killer Klown (Zig:8)
  A golden dragon (shapeshifter) (Zig:4)
  2 golden dragons
  3 bone dragons
  3 electric golems
  A Hell Sentinel (Abyss:3)
  8 tentacled monstrosities
  6 Orb Guardians (Zot:5)
  2 deep elf blademasters (Zig:15)
  3 deep elf master archers
  2 titans (Vaults:5)
  An eldritch tentacle (Zig:7)
  2 tentacled starspawn
  A tengu reaver (Vaults:5)
  2 ancient champions (Zig:19)
  2 shadow dragons (Vaults:5)
  5 draconian monks
  A fire giant (Vaults:5)
  A greater naga (Zig:12)
  3 revenants (Zig:19)
  Donald (Orc:3)
  4 azure jellies (Slime:6)
  4 draconian knights
  2 frost giants (Vaults:5)
  4 vault wardens
  A balrug (Zig:10)
  A deep elf sorcerer (Elf:3)
  2 draconian zealots
  A stone giant (Zig:7)
  3 draconian shifters
  A draconian annihilator (Zot:3)
  A very ugly thing (Zig:8)
  2 draconian callers
  2 deep elf demonologists (Elf:3)
  A reaper (Zig:17)
  A grey draconian (Zig:20)
  3 green draconians
  A deep elf annihilator (Elf:3)
  2 red draconians
  2 white draconians
  2 pale draconians
  4 purple draconians
  2 black draconians
  5 death oozes
  A deep elf death mage (Elf:3)
  Snorg (Orc:1)
  An ettin (Vaults:5)
  7 vault guards (Vaults:5)
  2 fire dragons
  2 deep elf high priests
  A great orb of eyes (Slime:4)
  3 hydras
  An ice dragon (Zot:1)
  A death cob (Zot:2)
  An ogre mage (Vaults:1)
  A shambling mangrove (Zig:18)
  An orc high priest (Zig:2)
  An iron troll (Zig:7)
  3 soul eaters
  A storm dragon skeleton (Abyss:3)
  A death drake (Zig:5)
  3 starcursed masses (Abyss:3)
  3 deathcaps
  2 swamp dragons (Zig:18)
  A deep elf summoner (Zig:13)
  2 orc knights
  2 deep elf conjurers
  A phantasmal warrior (Zig:19)
  A draconian zombie (Zig:20)
  An ugly thing (Zig:8)
  2 draconian skeletons (Zig:20)
  A guardian serpent (Zig:12)
  A moth of wrath (Zot:2)
  A black mamba (Zig:12)
  A vault sentinel (Vaults:5)
  An orange demon (Vaults:5)
  3 spiny frogs
  A smoke demon (Zot:5)
  A yellow draconian zombie (Zot:3)
  A grey draconian zombie (Zig:20)
  4 yaktaurs (Vaults:5)
  A pale draconian zombie (Zig:20)
  2 komodo dragons (Zot:5)
  2 naga magi (Zig:12)
  3 ancient zymes
  A mottled draconian skeleton (Zig:20)
  2 fire drakes
  A silent spectre (Zig:19)
  4 wandering mushrooms (Zig:17)
  A blue devil (Elf:3)
  A freezing wraith (Vaults:5)
  A blink frog (Lair:8)
  2 ravens (Zig:18)
  A giant leech (Zig:18)
  A raiju (Abyss:2)
  4 bog bodies (Zig:18)
  2 boulder beetles
  15 slime creatures
  4 redbacks (Vaults:5)
  A ynoxinul (Zig:2)
  A basilisk (Abyss:3)
  A hungry ghost (Zig:21)
  A fire elemental (Zig:10)
  A deep elf mage (Zig:15)
  A wolf (Lair:1)
  A water elemental (Orc:3)
  A deep elf fighter (Zig:13)
  A steam dragon (Zot:5)
  2 vampire mosquitoes (Zig:18)
  4 wargs
  A neqoxec (Zig:13)
  5 water moccasins
  3 small abominations
  A hell hound (Zig:17)
  3 swamp drakes
  2 orc warriors
  4 spiders
  A lost soul (Vaults:5)
  2 ogres (Vaults:5)
  A crocodile (Lair:8)
  2 human zombies (Vaults:5)
  An earth elemental (Lab)
  4 insubstantial wisps
  A wight (Zig:19)
  An eye of draining (Slime:4)
  5 jellies
  2 orc wizards
  A worker ant (Lair:8)
  5 ufetubi
  14 orcs
  A goblin (Zig:7)
  3 hobgoblins
  2 butterflies (Vaults:5)
  2 crawling corpses (Elf:3)
  A fungus (Elf:3)
  3 starspawn tentacles
305 creatures vanquished.

Vanquished Creatures (others)
  A deep elf master archer (Zig:15)
  14 eldritch tentacles
  A draconian scorcher (Depths:5)
  A greater naga (Zig:12)
  A draconian knight (Zig:20)
  A very ugly thing (Vaults:1)
  A draconian caller (Zot:1)
  A deep elf high priest (Depths:4)
  A crystal guardian (Zig:3)
  21 spellforged servitors
  A yaktaur captain (Vaults:5)
  An ice dragon (Zot:3)
  2 hydras
  An ogre mage (Vaults:1)
  3 deep elf knights (Zig:15)
  An unseen horror (Vaults:1)
  A death drake (shapeshifter) (Zig:15)
  A hill giant (Vaults:1)
  A sphinx zombie (Vaults:5)
  2 deep elf conjurers (Zig:15)
  A tengu skeleton (Vaults:5)
  A red wasp (shapeshifter) (Abyss:1)
  A draconian skeleton (Zig:20)
  A vault sentinel (Vaults:3)
  A small abomination (Zig:15)
  A black draconian zombie (Zig:20)
  A pale draconian skeleton (Zig:20)
  A red draconian skeleton (Zig:20)
  A wandering mushroom (Zot:3)
  A troll (Swamp:2)
  A hell beast (Elf:3)
  A freezing wraith (Zig:19)
  A raven (Zig:18)
  A redback (Spider:2)
  8 air elementals
  A tarantella (Spider:4)
  5 water elementals
  4 deep elf magi
  2 fire elementals
  3 deep elf fighters
  A swamp drake (Zig:18)
  An orc warrior (Swamp:2)
  12 spiders
  A boggart (Depths:1)
  A centaur (D:15)
  A boring beetle (Zig:17)
  2 ogres
  5 lost souls
  A giant frog (D:15)
  An earth elemental (Slime:2)
  3 scorpions (Ossuary)
  A human simulacrum (Vaults:5)
  An orc priest (Vaults:3)
  A worker ant (D:4)
  A giant mite (Lair:1)
  2 ufetubi
  2 orcs
  A bat (D:4)
  2 lurking horrors (Abyss:3)
  3 orc zombies
  A quokka (D:7)
  A briar patch (Swamp:3)
  14 butterflies
  A crawling corpse (Elf:2)
  1168 eldritch tentacle segments
  4 fungi
  8 plants
  38 starspawn tentacles
  283 starspawn tentacle segments
1655 creatures vanquished.

Grand Total: 6395 creatures vanquished
